TKirby, chaotic female elven Priestess -------- ------- |......| |.....+ ------- |>.....| ########-.....| |.....| -.-|---- |....<+ |......####################################......| |.....| ### ------- ---|--- # # # # #### # -------.----# # |.)........|## ### |...........######## # ##...........| #`# # ------------- -.--- # |..........| # ### |..%[/%!?)%[| |...| ### ------------ ########### ##-@!/([!!%...| |{..| # ###------ # |.?.[)m@%*f*| |...-####### #-.....##### ------------- |`..| |....| |...| |....| ----- ------ TKirby the Aspirant Experience level: 2 Strength: 9 Dexterity: 14 Constitution: 14 Intelligence: 8 Wisdom: 20 Charisma: 11 Health: 0(15) Energy: 22(22) Def: 3 Gold: 0 Moves: 1383 Dungeon seed: eRLAi7V-3PqFtL3z Game ID: TKirby_1506968110 Your Inventory: Weapons a - a blessed +1 mace (weapon in hand) x - 13 +0 darts Armor e - a +0 robe (being worn) n - a +0 small shield (being worn) r - a blessed +0 orcish helm Comestibles c - 2 cloves of garlic d - a sprig of wolfsbane A - a food ration E - 2 lembas wafers Scrolls j - a scroll of enchant armor l - a scroll of identify m - a scroll of remove curse s - a scroll of enchant weapon C - a scroll of identify D - a blessed scroll of identify Spellbooks f - a spellbook of extra healing g - a spellbook of remove curse u - a spellbook of wizard lock v - a spellbook of magic missile Potions b - 4 potions of holy water z - a cursed potion of gain level Rings w - a +0 ring of gain strength Tools h - an oil lamp (0:1339) i - a leather drum Gems q - an opal y - a worthless piece of black glass Spells and supernatural/magical abilities: Name Level Category Fail Memory m - magic missile 2 attack 25% 98% r - remove curse 3 clerical 0% 94% w - wizard lock 2 matter 25% 98% x - extra healing 3 healing 59% 94% W - pray for help -- divine ? -- X - turn undead -- divine ? -- Your skills at the end: Fighting Skills Weapon Skills mace [Basic] Spellcasting Skills clerical spells [Basic] Final Attributes: You were piously aligned. You had infravision. You are dead. Vanquished creatures: a large kobold a yellow mold a gecko 5 jackals 2 foxes 2 goblins a sewer rat 2 grid bugs 3 lichens a kobold zombie 3 newts 22 creatures vanquished. Voluntary challenges: You followed a strict vegan diet. You were an atheist. You used a wielded weapon 18 times, starting on turn 44. You read items or engraved 5 times, starting on turn 791. You never genocided any monsters. You never polymorphed an object. You never changed form. You used no wishes. You never split a pudding. You never wrote Elbereth's name. You never violated your personal moral code. Dungeon overview: The Dungeons of Doom: levels 1 to 3 Level 1 a long staircase Level 2 an altar to Thoth, some fountains a long staircase Level 3 <- You were here a general store, a fountain History has recorded: On T:1 you entered the Dungeons of Doom to retrieve the Amulet of Yendor! On T:416 you reached level 2 of The Dungeons of Doom. On T:622 you advanced to experience level 2. On T:1007 you reached level 3 of The Dungeons of Doom. Score breakdown: Gold: 0 ( 0 points) Experience: 2 levels ( 5570 points) Exploration: 3 levels ( 5.77%) ( 5940 points) Discoveries: 4 items ( 1.40%) ( 3554 points) Valuables value: (no points given unless you survive) Artifact value: 0 ( 0 points) Variety of kills: 11 monsters ( 2.89%) ( 5097 points) Turncount: 1383 turns ( 0 points) Survival: died (score multiplied by 80%) Total score: 16128 Latest messages: You see here 2 cream pies (20 zorkmids). You see here a crude ring mail (80 zorkmids). You see here 2 cream pies (20 zorkmids). Maple picks up 2 strawberries. Maple drops 2 strawberries. You see here a cursed knife (4 zorkmids). You see here an orange gem (200 zorkmids). You see here 2 strawberries (34 zorkmids). You see here a food ration (45 zorkmids). (2x) Wait! That's a small mimic! Maple picks up a blessed brilliant blue potion. You miss the small mimic. The small mimic hits! You hit the small mimic! Maple drops a blessed brilliant blue potion. You hit the small mimic! You miss the small mimic. Maple picks up an orange gem. You hit the small mimic! Maple drops an orange gem. The small mimic hits! You die... Upernavik comes and takes all your possessions. Final status: Goodbye TKirby the Priestess, killed by a small mimic... You died in The Dungeons of Doom on dungeon level 3 with 16128 points, and 0 pieces of gold, after 1383 moves. You were level 2 with a maximum of 15 hit points when you died.